 Dungeon Crawl Stone Soup version 0.28-a0-938-gbc3f381ebc (webtiles) character file.

Game seed: 17233639984169450494

53 ragingrage the Poker (level 3, -1/27 HPs)
             Began as a Merfolk Gladiator on Nov 30, 2021.
             Killed from afar by Sigmund (6 damage)
             ... with a magic dart
             ... on level 2 of the Dungeon.
             The game lasted 00:01:13 (1482 turns).

ragingrage the Poker (Merfolk Gladiator)            Turns: 1482, Time: 00:01:13

Health: -1/27      AC:  4    Str: 15    XL:     3   Next: 87%
Magic:  3/3        EV: 13    Int:  7    God:
Gold:   42         SH:  0    Dex: 15    Spells: 2/2 levels left

rFire   . . .      SeeInvis .   a - +0 trident
rCold   . . .      Faith    .   (no shield)
rNeg    . . .      Spirit   .   b - +0 leather armour
rPois   .          Reflect  .   c - +0 helmet
rElec   .          Harm     .   (no cloak)
rCorr   .          Rampage  .   (no gloves)
Will    .....                   (no boots)
Stlth   +.........              (no amulet)
HPRegen 0.09/turn               (no ring)
MPRegen 0.08/turn               (no ring)

@: no status effects
A: (nimble swimmer 2), mertail
a: no special abilities


You were on level 2 of the Dungeon.
You visited 1 branch of the dungeon, and saw 2 of its levels.

You collected 42 gold pieces.

Inventory:

Hand Weapons
 a - a +0 trident (weapon)
Armour
 b - a +0 leather armour (worn)
 c - a +0 helmet (worn)
Scrolls
 e - 4 scrolls of identify {unknown}
 f - a scroll of magic mapping {unknown}
 g - a scroll of blinking {unknown}
 i - a scroll of fog {unknown}
 j - a scroll of summoning {unknown}
Potions
 h - a potion of might {unknown}


   Skills:
 - Level 2.1 Fighting
 * Level 6.8 Polearms
 - Level 2.0 Throwing
 - Level 4.0 Dodging


You had 2 spell levels left.
You didn't know any spells.
Your spell library contained the following spells:

 Spells                   Type           Power      Damage    Failure   Level
 Animate Skeleton         Necr           0%         N/A       50%         1
 Pain                     Necr           0%         1d4       50%         1
 Vampiric Draining        Necr           0%         2d6       86%         3


Dungeon Overview and Level Annotations

Branches:
Dungeon (2/15)

Altars:

Annotations:
D:2 Sigmund


Innate Abilities, Weirdness & Mutations

((You are quick and stealthy near water. (Stealth+, EV+, Speed+++)))
Your lower body shifts to a powerful aquatic tail in water.


Message History

Okay, then.
Something hits you but does no damage.
You hit something but do no damage. Something hits you!
You hit something but do no damage.
That's the wrong kind of item! (Use * to select it.) Fire/throw which item? (* to show all) (? for menu, Esc to quit)
You don't have any such object.
Fire/throw which item? (* to show all) (? for menu, Esc to quit)
Throw: 2 throwing nets
Press: ? - help, Shift-Dir - straight line You throw a throwing net.
Something hits you.
Throw: throwing net
Press: ? - help, Shift-Dir - straight line You throw a throwing net.
Something gets caught in the net!
You hit something but do no damage.
Something wriggles in the net.
You closely miss something.
Something wriggles in the net.
You hit something.
Something wriggles in the net.
You puncture something!
Something wriggles in the net.
All of a sudden the net rips apart!
You miss something. Something hits you but does no damage.
You miss something. You miss something. Something hits you but does no damage.
You hit something. Something hits you!
* * * LOW HITPOINT WARNING * * *
You hit something but do no damage. You barely miss something.
Something hits you but does no damage.
You barely miss something.
You hear some strange, mumbled words.
Something tries to affect you, but you resist.
You hit something but do no damage.
You hear some strange, mumbled words.
A puff of flame appears from out of thin air!
The puff of flame hits you.
* * * LOW HITPOINT WARNING * * *
You hit something but do no damage.
You hear some strange, mumbled words.
A magic dart appears from out of thin air!
The magic dart hits you.
You die...

.# #..#.# .#
##.#.# .# #...#
.# ##..# .#
#..## ## #...#
##..# #..##
######## ##..#
#...@{(# #..#
#.####.#
########..###.#
#
#........>..#.#
#...........#.#
#.............#
#...........###
............#
............#


There were no monsters in sight!

Vanquished Creatures
  A gnoll (D:1)
  An adder (D:2)
  3 endoplasms
  5 goblins (D:1)
  4 hobgoblins (D:1)
  3 jackals (D:2)
  2 quokkas (D:1)
  A ball python (D:1)
  2 bats (D:1)
  5 kobolds
  4 rats (D:1)
31 creatures vanquished.

Notes
Turn   | Place    | Note
-------+----------+-------------------------------------------
     0 | D:1      | ragingrage the Merfolk Gladiator began the quest for the
                  | Orb.
     0 | D:1      | Reached XP level 1. HP: 16/16 MP: 1/1
   121 | D:1      | Reached skill level 5 in Polearms
   249 | D:1      | Reached XP level 2. HP: 18/22 MP: 2/2
   873 | D:1      | Reached skill level 6 in Polearms
   873 | D:1      | Reached XP level 3. HP: 21/27 MP: 3/3
  1453 | D:2      | Noticed Sigmund
  1482 | D:2      | Killed from afar by Sigmund

Illustrated notes

Levels and vault maps discovered:
D:1:      dpeg_arrival_erosion, layout_loops_corners
D:2:      minmay_alternating_diamond, layout_basic, uniq_sigmund

Skill      XL: |  1  2 |
---------------+-------+-----
Polearms       | 5 6 |  6.8
Fighting       | |  2.1
Throwing       | |  2.0
Dodging        | |  4.0

Action                   || total
-------------------------++-------
Melee: Trident           ||   120
Throw: Throwing net      ||     3
 Stab: Sleeping          ||     4
Armor: Leather armour    ||    21
Dodge: Dodged            ||    49

Table legend: (Time is in decaauts)
 A = Elapsed time spent in this place.
 B = Non-inter-level travel time spent in this place.
 C = Inter-level travel time spent in this place.
 D = Time resting spent in this place.
 E = Time spent auto-exploring this place.
 F = Levels seen in this place.
 G = Mean time per level.
                   A        B        C        D        E       F      G
               +--------+--------+--------+--------+--------+-----+--------+
         Total |   1482 |   1455 |     27 |     96 |   1114 |   2 |  741.0 |
       Dungeon |   1482 |   1455 |     27 |     96 |   1114 |   2 |  741.0 |
               +--------+--------+--------+--------+--------+-----+--------+

Top non-repeatable levels by time:
     D:1: 1269 daAuts
     D:2: 213 daAuts
